 Dungeon Crawl Stone Soup version 0.30-a0-1070-gd49b78fada (webtiles) character file.

Game seed: 14200483869075675245

1414337 GordonOverkill the Cryomancer (level 25, 194/194 HPs)
             Began as a Vampire Air Elementalist on Mar 24, 2023.
             Was the Champion of Vehumet.
             Escaped with the Orb
             ... and 3 runes on Apr 13, 2023!
             The game lasted 05:07:33 (98151 turns).

GordonOverkill the Cryomancer (VpAE)               Turns: 98151, Time: 05:07:34

Health: 194/194    AC: 18    Str: 11    XL:     25   Next: 94%
Magic:  56/56      EV: 12    Int: 43    God:    Vehumet [******]
Gold:   4095       SH: 19    Dex: 20    Spells: 11/64 levels left

rFire   + + .      SeeInvis +    W - +10 broad axe of the Grave {venom, Will+ Int+5}
rCold   + . .      Faith    .    H - +4 kite shield of the Cicada {rElec Int+4}
rNeg    + . .      Spirit   .    R - +1 robe of the Chupacabra {rElec rF+ Archmagi}
rPois   +          Reflect  .    h - +4 hat "Kuolaett" {rElec Will+ MP+9}
rElec   +          Rampage  .    Z - scarf of Marbles {rC+ rF+, Fly rPois rN+ Dex+4}
rCorr   +          Archmagi +    X - +2 pair of gloves of Fuhaklan {rCorr Int+5 SInv Stlth-}
Will    ++++.                    y - +2 pair of boots
Stlth   +                        e - amulet of magic regeneration
HPRegen 0.72/turn                C - ring of wizardry
MPRegen 0.75/turn                a - ring "Qapsel" {AC+4 Int+3}

@: flying, healing quickly
A: alive, fangs 3, see invisible, vampiric 2, horns 1, screaming 1, electricity
resistance, strong 1
0: Orb of Zot
}: 3/15 runes: decaying, silver, gossamer
a: Exsanguinate, Renounce Religion


You escaped.
You worshipped Vehumet.
Vehumet was exalted by your worship.
You visited 10 branches of the dungeon, and saw 48 of its levels.
You also visited: Ossuary, Bailey and Volcano.

You collected 9550 gold pieces.
You spent 5455 gold pieces at shops.

Inventory:

Hand Weapons
 D - the +6 Majin-Bo {spellvamp, MP+6 Int+6}
   (You acquired it on level 2 of the Elven Halls)

   Int:       It affects your intelligence (+6).
   MP:        It affects your magic capacity (+6).
 W - the +10 broad axe of the Grave (weapon) {venom, Will+ Int+5}
   (You took it off an orc on level 2 of the Elven Halls)

   Int:       It affects your intelligence (+5).
   Will:      It increases your willpower.
Missiles
 L - 4 throwing nets
Armour
 h - the +4 hat "Kuolaett" (worn) {rElec Will+ MP+9}
   (You acquired it in a bailey)

   rElec:     It insulates you from electricity.
   MP:        It affects your magic capacity (+9).
   Will:      It increases your willpower.
 m - the +3 ring mail "Huhigg" {+Inv rC+ Will++ Str+3}
   (You bought it in a shop on level 1 of the Vaults)

   Str:       It affects your strength (+3).
   rC:        It protects you from cold.
   +Inv:      It lets you turn invisible.
   Will:      It greatly increases your willpower.
 y - a +2 pair of boots (worn)
 H - the +4 kite shield of the Cicada (worn) {rElec Int+4}
   (You acquired it on level 8 of the Dungeon)

   Int:       It affects your intelligence (+4).
   rElec:     It insulates you from electricity.
 R - the +1 robe of the Chupacabra (worn) {rElec rF+ Archmagi}
   (You took it off a deep elf death mage on level 5 of the Vaults)

   rF:        It protects you from fire.
   rElec:     It insulates you from electricity.
   Archmagi:  It increases the power of your magical spells.
 X - the +2 pair of gloves of Fuhaklan (worn) {rCorr Int+5 SInv Stlth-}
   (You found it on level 4 of the Spider Nest)

   Int:       It affects your intelligence (+5).
   SInv:      It lets you see invisible.
   rCorr:     It protects you from acid and corrosion.
   Stlth:     It makes you less stealthy.
 Z - the scarf of Marbles (worn) {rC+ rF+, Fly rPois rN+ Dex+4}
   (You acquired it on level 15 of the Dungeon)

   Dex:       It affects your dexterity (+4).
   rPois:     It protects you from poison.
   rN:        It protects you from negative energy.
   Fly:       It grants you flight.
Jewellery
 a - the ring "Qapsel" (right hand) {AC+4 Int+3}
   (You acquired it on level 15 of the Dungeon)

   [ring of protection]

   AC:        It affects your AC (+4).
   Int:       It affects your intelligence (+3).
 e - an amulet of magic regeneration (around neck)
 C - a ring of wizardry (left hand)
 G - a ring of the Octopus King {HP+2 MP+9 AC+2 EV+2 SH+2}
   (You bought it in a shop on level 1 of the Elven Halls)

   [ring of magical power]

   AC:        It affects your AC (+2).
   EV:        It affects your evasion (+2).
   HP:        It affects your health (+2).
   MP:        It affects your magic capacity (+9).
   SH:        It affects your SH (+2).
Wands
 q - a wand of iceblast (16)
 r - a wand of mindburst (10)
 u - a wand of paralysis (20)
 Q - a wand of digging (6)
Scrolls
 c - 16 scrolls of teleportation
 f - 3 scrolls of fog
 g - 27 scrolls of identify
 i - 7 scrolls of poison
 j - 5 scrolls of fear
 n - 2 scrolls of magic mapping
 o - 9 scrolls of amnesia
 x - 8 scrolls of vulnerability
 E - 3 scrolls of blinking
 I - 2 scrolls of silence
 M - 7 scrolls of enchant armour
 O - 6 scrolls of immolation
Potions
 b - 7 potions of magic
 d - 12 potions of mutation
 k - 8 potions of ambrosia
 l - 9 potions of lignification
 p - 27 potions of curing
 s - 23 potions of heal wounds
 t - 10 potions of haste
 A - 2 potions of invisibility
 B - 3 potions of berserk rage
 F - a potion of flight
 K - 4 potions of brilliance
 N - 5 potions of cancellation
 S - 2 potions of resistance
 T - 7 potions of might
Miscellaneous
 v - a tin of tremorstones (2/2)
 w - a phial of floods
 z - a box of beasts
 J - a phantom mirror
 P - a lightning rod (4/4)
 V - a condenser vane


   Skills:
 + Level 15.0 Fighting
 - Level 4.0 Short Blades
 - Level 5.0 Axes
 - Level 7.0 Staves
 - Level 7.0 Armour
 - Level 3.0 Dodging
 - Level 3.0 Stealth
 - Level 16.0 Shields
 - Level 20.0 Spellcasting
 - Level 10.0 Conjurations
 - Level 10.0 Summonings
 - Level 5.0 Fire Magic
 - Level 25.0 Ice Magic
 - Level 15.0 Air Magic
 - Level 2.0 Poison Magic
 - Level 10.0 Evocations


You had 11 spell levels left.
You knew the following spells:

 Your Spells              Type           Power      Damage    Failure   Level
a - Polar Vortex          Ice            78%        N/A       1%          9
b - Spellforged Servitor  Conj/Summ      57%        N/A       1%          7
c - Swiftness             Air            100%       N/A       0%          3
d - Airstrike             Air            65%        2d(10-26) 0%          4
e - Mephitic Cloud        Conj/Pois/Air  100%       N/A       1%          3
f - Plasma Beam           Fire/Air       57%        2x1d79    1%          6
g - Blink                 Tloc           100%       N/A       1%          2
h - Ozocubu's Refrigerat  Ice            78%        4d24      1%          7
i - Freezing Cloud        Conj/Ice/Air   68%        6-21      1%          5
j - Orb of Destruction    Conj           57%        9d14      1%          7

Your spell library contained the following spells:

 Spells                   Type           Power      Damage    Failure   Level
 Shock                    Conj/Air       100%       1d9       0%          1
 Summon Small Mammal      Summ           100%       N/A       0%          1
 Ensorcelled Hibernation  Hex/Ice        100%       N/A       0%          2
 Static Discharge         Conj/Air       100%       2-7/arc   0%          2
 Frozen Ramparts          Ice            100%       1d16      0%          3
 Ozocubu's Armour         Ice            100%       N/A       0%          3
 Summon Ice Beast         Ice/Summ       100%       N/A       0%          4
 Apportation              Tloc           100%       N/A       1%          1
 Foxfire                  Conj/Fire      100%       2x1d9     1%          1
 Kiss of Death            Conj/Necr      100%       2d13      1%          1
 Necrotise                Necr           100%       1d9       1%          1
 Slow                     Hex            100%       N/A       1%          1
 Cigotuvi's Dreadful Rot  Necr/Pois/Air  100%       N/A       1%          2
 Lesser Beckoning         Tloc           100%       N/A       1%          2
 Momentum Strike          Conj/Tloc      100%       3d10      1%          2
 Poisonous Vapours        Pois/Air       100%       N/A       1%          2
 Sublimation of Blood     Necr           59%        N/A       1%          2
 Wereblood                Tmut           59%        N/A       1%          2
 Confusing Touch          Hex            59%        N/A       1%          3
 Dazzling Flash           Conj/Hex       100%       N/A       1%          3
 Gell's Gravitas          Tloc           59%        N/A       1%          3
 Ignite Poison            Fire/Tmut/Pois 76%        N/A       1%          3
 Spider Form              Tmut/Pois      67%        N/A       1%          3
 Stone Arrow              Conj/Erth      100%       3d13      1%          3
 Summon Guardian Golem    Hex/Summ       91%        N/A       1%          3
 Teleport Other           Tloc           59%        N/A       1%          3
 Vampiric Draining        Necr           59%        2d10      1%          3
 Volatile Blastmotes      Fire/Tloc      100%       2d18      1%          3
 Ice Form                 Ice/Tmut       100%       N/A       1%          4
 Olgreb's Toxic Radiance  Pois           74%        N/A       1%          4
 Sticky Flame             Conj/Fire      100%       2d11      1%          4
 Summon Lightning Spire   Summ/Air       100%       N/A       1%          4
 Fireball                 Conj/Fire      51%        3d20      1%          5
 Iskenderun's Battlesphe  Conj           100%       2d15      1%          5
 Metabolic Englaciation   Hex/Ice        61%        N/A       1%          5
 Silence                  Hex/Air        51%        N/A       1%          5
 Summon Forest            Summ/Tloc      45%        N/A       1%          5
 Summon Mana Viper        Hex/Summ       91%        N/A       1%          5
 Conjure Ball Lightning   Conj/Air       61%        3x3d22    1%          6
 Simulacrum               Ice/Necr       61%        N/A       1%          6
 Starburst                Conj/Fire      51%        6d14      1%          6
 Maxwell's Capacitive Co  Air            65%        ∞         1%          8
 Anguish                  Hex/Necr       29%        N/A       3%          4
 Animate Dead             Necr           59%        N/A       3%          4
 Cause Fear               Hex            29%        N/A       3%          4
 Leda's Liquefaction      Hex/Erth       29%        N/A       3%          4
 Passage of Golubria      Tloc           59%        N/A       3%          4
 Petrify                  Tmut/Erth      59%        N/A       3%          4
 Lee's Rapid Deconstruct  Erth           29%        3d15*     3%          5
 Yara's Violent Unravell  Hex/Tmut       29%        3d12      3%          5
 Summon Hydra             Summ           57%        N/A       4%          7
 Agony                    Necr           59%        N/A       10%         5
 Borgnjor's Vile Clutch   Necr/Erth      29%        N/A       10%         5
 Eringya's Noxious Bog    Tmut/Pois      33%        N/A       10%         6
 Storm Form               Tmut/Air       51%        N/A       13%         7
 Haunt                    Necr/Summ      45%        N/A       34%         7
 Malign Gateway           Summ/Tloc      45%        N/A       34%         7
 Summon Horrible Things   Summ           57%        N/A       34%         8
 Chain Lightning          Conj/Air       61%        3d82      43%         9
 Death Channel            Necr           29%        N/A       45%         6
 Dispersal                Tloc           29%        N/A       45%         6
 Statue Form              Tmut/Erth      39%        N/A       45%         6
 Ignition                 Fire           45%        3d13      52%         8
 Lehudib's Crystal Spear  Conj/Erth      45%        10d11     52%         8
 Dragon Form              Tmut           29%        N/A       94%         7
 Fire Storm               Conj/Fire      51%        8d13      95%         9
 Dragon's Call            Summ           57%        N/A       99%         9
 Discord                  Hex            29%        N/A       100%        8
 Disjunction              Tloc           29%        N/A       100%        8
 Infestation              Necr           29%        N/A       100%        8


Dungeon Overview and Level Annotations

Branches:
Dungeon (15/15)            Temple (1/1) D:7            Lair (5/5) D:8
  Swamp (4/4) Lair:2       Spider (4/4) Lair:2        Slime (0/5) Lair:5
    Orc (2/2) D:12            Elf (3/3) Orc:2        Vaults (5/5) D:13
  Crypt (0/3) Vaults:2     Depths (4/4) D:15            Zot (5/5) Depths:4
Ossuary (visited)          Bailey (visited)         Volcano (visited)

Altars:
Ashenzari
Cheibriados
Dithmenos
Fedhas
Gozag
Hepliaklqana
Kikubaaqudgha
Makhleb
Nemelex Xobeh
Okawaru
Qazlal
Ru
Sif Muna
Trog
Uskayaw
Vehumet
Wu Jian
Xom
Yredelemnul

Shops:
D:4 !   D:5 (   D:9 *   Orc:2 *([*:   Elf:1 =   Elf:2 =*:=   Vaults:1 [
Depths:4 ***?

Portals:
Hell: Depths:1 Depths:2 Depths:3 Depths:4
Abyss: D:15 Depths:1 Depths:3
Pandemonium: Depths:1 Depths:2 Depths:4
Ziggurat: Depths:4
Trove: D:13 (give +3 storm dragon scales)

Annotations:
D:15 2 transporters, Woumpad's ghost, journeyman DgDe
Lair:1 2 transporters, Drevant2's ghost, journeyman KoHu
Swamp:2 Roxanne
Orc:2 2 transporters, M4edhros's ghost, journeyman OpCK
Depths:1 2 runed translucent doors, Sai's ghost, adept MiFi


Innate Abilities, Weirdness & Mutations

Your natural rate of healing is accelerated.
You have razor-sharp teeth.
You have supernaturally acute eyesight. (SInv)
You are afflicted with vampirism and can become a bat while bloodless.
You have a pair of small horns on your head.
You occasionally shout uncontrollably at your foes.
You are resistant to electric shocks. (rElec)
Your muscles are strong. (Str +4, Int/Dex -1)


Message History

The orange demon is severely wounded.
Casting: Ozocubu's Refrigeration (safe; 1% risk of failure)
Confirm with . or Enter, or press ? or * to list all spells.
You feel a surge of power!
The heat is drained from your surroundings.
You kill the orange demon!
Vehumet accepts your kill.
You feel your power returning.
You hear a grinding noise.
A cacodemon comes into view.
You yell at the cacodemon!
Casting: Ozocubu's Refrigeration (safe; 1% risk of failure)
Confirm with . or Enter, or press ? or * to list all spells.
You feel a surge of power!
A great freezing vortex appears around you.
You block the cacodemon's attack.
The cacodemon hits you but does no damage.
Casting: Polar Vortex (mildly dangerous; 1% risk of failure)
Confirm with . or Enter, or press ? or * to list all spells.
You feel a surge of power!
The heat is drained from your surroundings.
The cacodemon is heavily wounded.
The cacodemon hits you. The cacodemon misses you.
You completely miss the cacodemon. Your bite misses the cacodemon.
The cacodemon is almost dead.
You kill the cacodemon!
Vehumet accepts your kill.
Training target 20.0 for Spellcasting reached!
Your Spellcasting skill increases to level 20!
You need to enable at least one skill for training.
Unknown command.
Unknown command.
HP restored.
The winds around you start to calm down.
You are engulfed in whirling frost.
The winds around you calm down.
There is an open door here.
Magic restored.
There is a staircase leading out of the dungeon here.
You have escaped!

.'.........###.........'.## #..##
##..####.### ###.####..### ##.##
##.#.###.# #.###.#.# #...#
.#.##.#.## ##[#.##.# #...#
##.###.## ##.###.# ###...##
##.##.#.## ##.#.##.# #.......
#.#.###.# #.###.#.# #.##.###
##..####.### ###.####..###.##.# #
.'.........###..@......+...##.###
.##.####.##.#.##.####.###..##....
.###.###.###.###.###.## ##.######
## ##.##.##.#.##.##.## #.######
##.#.#.###.#.#.## #.......
##...#####...## ######## ##
##.........## ## .# ###+#######'#
#. .# #...# #..# #.


There were no monsters in sight!

Vanquished Creatures
  2 dread liches
  A pandemonium lord (D:11)
  3 orbs of fire (Zot:5)
  5 ancient liches
  2 juggernauts
  Frederick (Vaults:4)
  9 Killer Klowns (Zot:5)
  Margery (Depths:4)
  Saint Roka (Vaults:1)
  2 caustic shrikes (Depths:2)
  15 golden dragons
  2 electric golems (Zot:5)
  The ghost of Cicier the Eclecticist, an adept GrEE of Sif Muna (Elf:2)
  An Ice Fiend (D:4)
  14 tentacled monstrosities
  3 deep elf blademasters
  A walking crystal tome (Depths:3)
  A walking earthen tome (Depths:2)
  4 liches
  26 Orb Guardians
  5 titans
  3 quicksilver dragons
  2 deep elf master archers (Elf:3)
  Asterion (Vaults:2)
  12 death cobs
  2 ancient champions (Vaults:4)
  5 sphinxes
  12 shadow dragons
  4 tengu reavers (Vaults:5)
  The ghost of MoltyBleed the Lord of Darkness, an adept DEFE of Kikubaaqudgha (Elf:3)
  9 draconian knights
  2 thorn hunters (Swamp:4)
  4 fenstrider witches
  5 draconian monks
  13 storm dragons
  5 deep elf sorcerers
  The ghost of crabbyslav the Grand Scion, an adept DsGl of Hepliaklqana (Spider:3)
  5 emperor scorpions
  Aizul (Swamp:2)
  A balrug (D:10)
  8 fire giants
  12 ghost moths
  2 draconian stormcallers
  5 draconian scorchers
  3 orc warlords
  2 cacodemons
  Louise (Swamp:2)
  6 frost giants
  3 draconian shifters
  A broodmother (shapeshifter) (Vaults:5)
  2 deep elf elementalists
  23 vault wardens
  A war gargoyle (Vaults:5)
  12 very ugly things
  3 draconian annihilators
  A caustic shrike skeleton (Depths:1)
  2 spriggan defenders
  10 stone giants
  13 ironbound preservers
  A quicksilver ooze (D:11)
  2 broodmothers
  13 ironbound thunderhulks
  8 green draconians
  2 reapers (Swamp:4)
  A vampire knight (Depths:2)
  2 eleionomae (Swamp:4)
  12 black draconians
  5 deep elf demonologists (Elf:3)
  5 deep elf annihilators
  A dire elephant (shapeshifter) (Depths:3)
  2 lorocyprocas
  The ghost of Giwudid the Carver, a journeyman DsGl of Okawaru (D:13)
  11 purple draconians
  11 red draconians
  15 deep elf death magi
  10 yellow draconians
  23 dire elephants
  2 bunyips
  4 spark wasps
  8 white draconians
  8 fire dragons
  5 ettins
  16 yaktaur captains
  6 deep elf high priests
  6 great orbs of eyes
  A rakshasa (D:14)
  6 entropy weavers
  41 vault guards
  A shambling mangrove (Swamp:2)
  A green death (D:2)
  Fannar (D:12)
  6 spriggan air magi
  A merfolk avatar (Swamp:2)
  12 ice dragons
  10 hydras
  3 radroaches
  3 ironbound frosthearts
  9 centaur warriors
  3 ghost crabs
  3 peacekeepers
  2 ogre magi (Swamp:4)
  A death knight (D:15)
  A catoblepas (Lair:5)
  8 tengu warriors
  19 alligators
  28 dancing weapons
  3 two-headed ogres
  9 death yaks
  6 deep troll earth magi
  10 boulder beetles
  3 deep troll shamans
  2 spriggan berserkers
  4 hell hogs (D:5)
  Urug (Lair:5)
  3 orc high priests
  5 sun demons
  A spectral emperor scorpion (Spider:4)
  3 soul eaters
  15 spriggans
  Amaemon (Lair:2)
  27 hell knights
  4 sixfirhies
  26 deep elf knights
  2 skysharks
  A shadow wraith (Vaults:5)
  4 iron trolls
  4 goliath frogs
  A death drake (shapeshifter) (Vaults:5)
  10 pharaoh ants
  2 spectral ghost moths (Spider:4)
  A skyshark (shapeshifter) (Depths:2)
  A death drake (Swamp:3)
  6 glowing orange brains
  2 sun moths
  6 orb spiders
  8 spriggan druids
  38 deep trolls
  3 swamp dragons
  An orb spider (shapeshifter) (Vaults:5)
  A spark wasp zombie (Depths:1)
  14 orc knights
  A spectral broodmother (Spider:4)
  10 wizards
  A harpy (Vaults:3)
  A golden dragon skeleton (Depths:1)
  5 bog bodies
  18 deep elf archers
  2 steelbarb worms
  9 lindwurms
  41 deep elf pyromancers
  27 ironbound convokers
  6 phantasmal warriors
  36 deep elf zephyrmancers
  3 orc sorcerers
  4 oklob plants
  13 necromancers
  17 wolf spiders
  2 spectral radroaches (Spider:4)
  2 cyclopes (D:13)
  8 will-o-the-wisps
  43 ugly things
  2 salamanders
  A frost giant zombie (Depths:2)
  17 moths of wrath
  A manticore (D:15)
  2 salamanders (shapeshifter)
  A black mamba (shapeshifter) (Vaults:5)
  5 black mambas
  16 vault sentinels
  A frost giant skeleton (Depths:1)
  A rust devil (Depths:4)
  11 elephants
  9 orange demons
  An elephant (shapeshifter) (Vaults:3)
  5 torpor snails
  6 cane toads
  7 demonic crawlers
  An unseen horror (D:12)
  2 smoke demons
  An efreet (D:15)
  56 yaktaurs
  2 rime drakes
  A komodo dragon (shapeshifter) (D:13)
  2 tormentors (Zot:5)
  11 komodo dragons
  A freezing wraith (Vaults:5)
  5 tengu conjurers
  A ghost moth simulacrum (Spider:4)
  2 red devils
  A troll (shapeshifter) (D:10)
  2 spriggan skeletons (Depths:1)
  3 meliai (D:14)
  A merfolk (shapeshifter) (Depths:2)
  7 trolls
  12 tyrant leeches
  Grinder (D:3)
  5 bloated husks
  24 hornets
  26 tarantellas
  2 hellwings (Swamp:4)
  A polar bear (shapeshifter) (Depths:1)
  7 blink frogs
  3 polar bears
  A blink frog (shapeshifter) (Elf:3)
  3 jorogumo simulacra (Spider:4)
  A spriggan zombie (Depths:2)
  A frost giant simulacrum (Depths:1)
  34 slime creatures
  A snapping turtle (shapeshifter) (Depths:3)
  Sigmund (D:2)
  A jumping spider (shapeshifter) (Elf:1)
  21 jumping spiders
  A shadow (D:11)
  4 wraiths
  5 air elementals
  7 water elementals
  Eustachio (D:6)
  15 culicivoras
  2 vampires
  5 wyverns
  2 humans (shapeshifter)
  27 yaks
  3 steam dragons
  A basilisk (shapeshifter) (D:14)
  3 fire bats (Orc:1)
  4 fire elementals
  8 vampire mosquitoes
  A chaos spawn (Swamp:4)
  55 redbacks
  2 neqoxecs (Swamp:4)
  Menkaure (D:5)
  3 basilisks
  10 swamp worms
  4 wargs
  2 acid dragons (D:13)
  A glowing shapeshifter zombie (Depths:2)
  2 floating eyes (Depths:2)
  7 water moccasins
  9 hell hounds
  A glowing shapeshifter skeleton (Depths:1)
  4 swamp drakes (Swamp:3)
  8 black bears
  45 orc warriors
  An ice beast (D:5)
  3 sky beasts
  A tengu (D:8)
  5 ogres
  19 wolves
  19 centaurs
  A kobold brigand (D:7)
  15 bullfrogs
  4 earth elementals (Elf:3)
  6 water moccasin zombies (Ossuary)
  3 scorpions
  8 killer bees
  16 electric eels
  6 howler monkeys
  4 jellies
  14 orc priests
  Crazy Yiuf (D:2)
  4 hounds
  A gnoll bouda (D:9)
  5 iguanas
  Ijyb (D:3)
  13 orc wizards
  2 mummies (Ossuary)
  15 gnolls
  9 adders
  2 white imps
  2 adder zombies (Ossuary)
  3 worms
  76 orcs
  10 endoplasms
  A giant cockroach (D:1)
  3 gnoll zombies (Ossuary)
  17 goblins
  11 hobgoblins
  6 jackals
  10 kobolds
  3 quokkas
  13 ball pythons
  4 bats
  3 frilled lizards
  A goblin zombie (D:6)
  5 hobgoblin zombies (Ossuary)
  8 kobold zombies (Ossuary)
  3 orc zombies (Ossuary)
  3 rats
  A spectral orc (D:13)
  5 briar patches (Swamp:4)
2054 creatures vanquished.

Vanquished Creatures (collateral kills)
  A shadow dragon (Depths:3)
  The ghost of Goaghut the Warrior, an adept KoBe of Trog (Spider:4)
  A frost giant (Depths:3)
  An iron dragon (Depths:2)
  A crystal guardian (Vaults:4)
  A wolf spider (Spider:4)
  A moth of wrath (Zot:4)
  A tyrant leech (Swamp:4)
  A spriggan (Swamp:4)
  6 ball lightnings
15 creatures vanquished.

Vanquished Creatures (others)
  Mara (Vaults:4)
  2 vault wardens (Vaults:3)
  A stone giant (Vaults:3)
  An ironbound preserver (Vaults:3)
  An ironbound frostheart (Vaults:3)
  2 bloated husks
  A tyrant leech (Swamp:4)
  A redback (Spider:1)
  187 ball lightnings
  A bush (Lair:5)
  14 foxfires
  37 fungi
  110 plants
  2 withered plants (Elf:3)
361 creatures vanquished.

Grand Total: 2430 creatures vanquished

Notes
Turn   | Place    | Note
-------+----------+-------------------------------------------
     0 | D:1      | GordonOverkill the Vampire Air Elementalist began the quest
                  | for the Orb.
     0 | D:1      | Reached XP level 1. HP: 13/13 MP: 3/3
   495 | D:1      | Reached skill level 1 in Conjurations
   626 | D:1      | Reached XP level 2. HP: 19/19 MP: 3/5
  1036 | D:2      | Noticed Sigmund
  1588 | D:2      | Gained mutation: You are afflicted with vampirism and can
                  | become a bat while bloodless. [Vampire growth]
  1588 | D:2      | Reached XP level 3. HP: 25/25 MP: 0/6
  1653 | D:2      | Learned a level 2 spell: Static Discharge
  1657 | D:2      | Learned a level 3 spell: Swiftness
  1918 | D:2      | Reached skill level 1 in Fighting
  2115 | D:2      | Reached XP level 4. HP: 20/32 MP: 2/7
  2203 | D:2      | Found a faded altar of an unknown god.
  2341 | D:2      | Found a runed translucent door.
  2342 | D:2      | Noticed Crazy Yiuf
  2363 | D:2      | Killed Crazy Yiuf
  3064 | D:3      | Noticed Grinder
  3068 | D:3      | Reached XP level 5. HP: 37/37 MP: 5/8
  3190 | D:3      | Killed Grinder
  3191 | D:3      | Reached skill level 5 in Air Magic
  3191 | D:3      | Reached XP level 6. HP: 46/46 MP: 8/10
  3199 | D:3      | Learned a level 4 spell: Airstrike
  3304 | D:3      | Noticed Ijyb
  3315 | D:3      | Killed Ijyb
  3991 | D:4      | Found Uzoesegg's Distillery.
  4003 | D:4      | Bought a potion of attraction for 42 gold pieces
  4003 | D:4      | Bought a potion of degeneration for 14 gold pieces
  4003 | D:4      | Bought 2 potions of heal wounds for 140 gold pieces
  4246 | D:4      | Reached XP level 7. HP: 42/52 MP: 8/12
  4728 | D:5      | Entered Level 5 of the Dungeon
  4739 | D:5      | Reached skill level 1 in Evocations
  5357 | D:5      | Noticed Menkaure
  5377 | D:5      | Killed Menkaure
  5463 | D:5      | Reached XP level 8. HP: 47/60 MP: 5/14
  6285 | D:5      | Found Awnuompoeff's Antique Weapon Emporium.
  6704 | D:6      | Noticed Eustachio
  6738 | D:6      | Killed Eustachio
  6905 | D:6      | Found a sand-covered staircase.
  6930 | Ossuary  | Entered an ossuary
  7429 | Ossuary  | Reached skill level 5 in Spellcasting
  7429 | Ossuary  | Reached XP level 9. HP: 33/67 MP: 0/16
  7860 | D:6      | Reached skill level 5 in Fighting
  8496 | D:2      | Killed Sigmund
  8785 | D:7      | Reached skill level 5 in Evocations
  9451 | D:7      | Found a staircase to the Ecumenical Temple.
  9562 | Temple   | Entered the Ecumenical Temple
  9798 | Temple   | Became a worshipper of Vehumet
 10073 | D:8      | You fall into a shaft and drop 1 floor!
 10073 | D:9      | Found Wohaw's Changing Room.
 10687 | D:8      | Reached XP level 10. HP: 76/76 MP: 3/19
 11519 | D:8      | Identified a scroll of acquirement
 11520 | D:8      | Acquired the +4 kite shield of the Cicada {rElec Int+4}
 11550 | D:8      | Found a staircase to the Lair.
 12338 | D:9      | Reached skill level 1 in Short Blades
 12338 | D:9      | Reached skill level 1 in Shields
 12473 | D:9      | Noticed a two-headed ogre
 12477 | D:9      | Killed a two-headed ogre
 12478 | D:9      | Reached skill level 1 in Armour
 12672 | D:9      | Reached * piety under Vehumet
 12672 | D:9      | Offered knowledge of Kiss of Death by Vehumet.
 12693 | D:9      | Reached skill level 10 in Air Magic
 13263 | D:10     | Entered Level 10 of the Dungeon
 13457 | D:10     | Found a flagged portal.
 13466 | Bailey   | Entered a bailey
 13904 | Bailey   | Reached ** piety under Vehumet
 13904 | Bailey   | Offered knowledge of Foxfire by Vehumet.
 14005 | Bailey   | Noticed an orc knight
 14154 | Bailey   | Killed an orc knight
 14155 | Bailey   | Reached skill level 5 in Shields
 14310 | Bailey   | Noticed an orc high priest
 14314 | Bailey   | Killed an orc high priest
 14314 | Bailey   | Noticed an orc knight
 14315 | Bailey   | Reached XP level 11. HP: 78/81 MP: 4/21
 14452 | Bailey   | Killed an orc knight
 14949 | Bailey   | Noticed an orc knight
 14970 | Bailey   | Killed an orc knight
 15083 | Bailey   | Found an iron altar of Okawaru.
 15085 | Bailey   | Noticed an orc high priest
 15102 | Bailey   | Killed an orc high priest
 15381 | Bailey   | Identified the +6 spear "Goblinbane" {protect, Fly Str+2}
 15394 | Bailey   | Acquired the +4 hat "Kuolaett" {rElec Will+ MP+9}
 15453 | Bailey   | Found an iron altar of Okawaru.
 15892 | D:10     | Noticed a purple ugly thing
 16019 | D:10     | Killed a purple ugly thing
 16179 | D:10     | Noticed a two-headed ogre
 16181 | D:10     | Killed a two-headed ogre
 16696 | D:10     | Offered knowledge of Inner Flame by Vehumet.
 17031 | D:10     | Found an ancient bone altar of Kikubaaqudgha.
 17031 | D:10     | Found a sparkling altar of Nemelex Xobeh.
 17204 | D:10     | Found a burning altar of Makhleb.
 17204 | D:10     | Found a stormy altar of Qazlal.
 17810 | D:11     | Noticed a boulder beetle
 17855 | D:11     | Learned a level 3 spell: Mephitic Cloud
 17857 | D:11     | Noticed a boulder beetle
 17858 | D:11     | a boulder beetle changed into a quicksilver ooze
 17858 | D:11     | Noticed a quicksilver ooze
 17865 | D:11     | Killed a quicksilver ooze
 17866 | D:11     | Reached skill level 1 in Poison Magic
 18674 | Lair:1   | Entered Level 1 of the Lair of Beasts
 18749 | Lair:1   | Reached *** piety under Vehumet
 18775 | Lair:1   | Reached skill level 10 in Shields
 18941 | Lair:1   | Noticed Drevant2's ghost (journeyman KoHu)
 19002 | Lair:1   | Reached XP level 12. HP: 80/88 MP: 7/22
 19389 | Lair:1   | Found a snail-covered altar of Cheibriados.
 19516 | Lair:1   | Offered knowledge of Fulminant Prism by Vehumet.
 19680 | Lair:1   | Found a transporter.
 19787 | Lair:1   | Found a transporter.
 19950 | Lair:2   | Noticed Amaemon
 20420 | Lair:2   | You are sucked into a shaft and drop 1 floor!
 20482 | Lair:3   | Found an opulent altar of Gozag.
 20620 | Lair:3   | Reached skill level 5 in Conjurations
 20722 | Lair:3   | Reached **** piety under Vehumet
 21479 | Lair:3   | Offered knowledge of Plasma Beam by Vehumet.
 22040 | Lair:3   | Upgraded the game from 0.30-a0-936-ge0d47acfc0 to
                  | 0.30-a0-939-gc8157cb160
 22451 | Lair:4   | Learned a level 6 spell: Plasma Beam
 22677 | Lair:4   | Reached skill level 1 in Fire Magic
 23265 | Lair:4   | Reached XP level 13. HP: 82/98 MP: 19/25
 24799 | Lair:2   | Acquired a book of Dangerous Friends
 25086 | Lair:2   | Killed Amaemon
 25087 | Lair:2   | Found a hole to the Spider Nest.
 25443 | Lair:2   | Found an ancient bone altar of Kikubaaqudgha.
 25515 | Lair:2   | Found a staircase to the Swamp.
 25902 | Lair:3   | Found an opulent altar of Gozag.
 26944 | Lair:5   | Entered Level 5 of the Lair of Beasts
 27971 | Lair:5   | Reached ***** piety under Vehumet
 28066 | Lair:5   | Offered knowledge of Arcjolt by Vehumet.
 28891 | Lair:5   | Noticed Urug
 28900 | Lair:5   | Killed Urug
 28901 | Lair:5   | Reached skill level 10 in Spellcasting
 28901 | Lair:5   | Reached skill level 5 in Fire Magic
 29466 | Lair:5   | Found a staircase to the Slime Pits.
 30659 | Lair:5   | Reached XP level 14. HP: 106/106 MP: 18/28
 33078 | D:12     | Found a staircase to the Orcish Mines.
 33320 | D:12     | Offered knowledge of Olgreb's Toxic Radiance by Vehumet.
 33510 | D:12     | Noticed Fannar
 33515 | D:12     | Killed Fannar
 34268 | Orc:1    | Entered Level 1 of the Orcish Mines
 34349 | Orc:1    | Found a dark tunnel.
 34472 | Volcano  | Entered a volcano
 35342 | Orc:2    | Entered Level 2 of the Orcish Mines
 35369 | Orc:2    | Noticed M4edhros's ghost (journeyman OpCK)
 35400 | Orc:2    | Found a bloodstained altar of Trog.
 35426 | Orc:2    | Found a transporter.
 35428 | Orc:2    | Found a transporter.
 35449 | Orc:2    | Found a staircase to the Elven Halls.
 37431 | Orc:2    | Found Finisaocs's Book Shop.
 37496 | Orc:2    | Offered knowledge of Conjure Ball Lightning by Vehumet.
 37504 | Orc:2    | Learned a level 6 spell: Conjure Ball Lightning
 37548 | Orc:2    | Bought the Papyrus of Cold Exhumation for 416 gold pieces
 37548 | Orc:2    | Bought a book of Ice for 598 gold pieces
 37548 | Orc:2    | Bought a book of Unlife for 468 gold pieces
 37756 | Orc:2    | Found Gytesute's Antique Armour Emporium.
 37756 | Orc:2    | Found Tyenti's Weapon Boutique.
 37756 | Orc:2    | Found Mastraguf's General Store.
 37759 | Orc:2    | Found Moqia's General Store.
 37771 | Orc:2    | Bought a wand of paralysis (1) for 33 gold pieces
 37771 | Orc:2    | Bought a potion of haste for 140 gold pieces
 37771 | Orc:2    | Bought a scroll of enchant weapon for 105 gold pieces
 37985 | D:12     | Upgraded the game from 0.30-a0-939-gc8157cb160 to
                  | 0.30-a0-1016-gfb0d676c02
 38636 | D:13     | Identified the +7 long sword of Gallantry {freeze, Dex+4}
 38759 | D:13     | Reached skill level 10 in Fighting
 39286 | D:13     | Found a gate to the Vaults.
 39304 | D:13     | Reached XP level 15. HP: 105/115 MP: 30/30
 39663 | D:13     | Found a runed translucent gate.
 39665 | D:13     | Found a runed translucent gate.
 39666 | D:13     | Found a runed translucent gate.
 39666 | D:13     | Noticed Giwudid's ghost (journeyman DsGl)
 39727 | D:13     | Found a basalt altar of Yredelemnul.
 39913 | D:13     | Found a portal to a secret trove of treasure.
 40086 | D:13     | Killed Giwudid's ghost
 40087 | D:13     | Reached skill level 1 in Ice Magic
 40170 | D:13     | Identified the +8 scimitar of Death {holy, rF+++ Int+5}
 40891 | D:14     | Reached skill level 2 in Ice Magic
 41810 | D:14     | Reached skill level 3 in Ice Magic
 42048 | D:14     | Offered knowledge of Eringya's Noxious Bog by Vehumet.
 42100 | D:15     | Entered Level 15 of the Dungeon
 42333 | D:15     | Found a transporter.
 42333 | D:15     | Noticed a hellephant
 42344 | D:15     | Reached skill level 4 in Ice Magic
 42573 | D:15     | Identified the ring "Enewoen" {rPois EV+5 Stlth+}
 42599 | D:15     | Found a transporter.
 42601 | D:15     | Noticed Woumpad's ghost (journeyman DgDe)
 42638 | D:15     | Acquired the Unrestrained Analects
 42639 | D:15     | Acquired the ring "Qapsel" {AC+4 Int+3}
 42640 | D:15     | Acquired the scarf of Marbles {rC+ rF+, Fly rPois rN+
                  | Dex+4}
 43007 | D:15     | Noticed a frost giant
 43014 | D:15     | Killed a frost giant
 43109 | D:15     | Found a staircase to the Depths.
 43261 | D:15     | Reached skill level 5 in Ice Magic
 43818 | D:15     | Reached skill level 6 in Ice Magic
 43971 | D:15     | Noticed an azure jelly
 44162 | Spider:1 | Entered Level 1 of the Spider Nest
 44163 | Spider:1 | Upgraded the game from 0.30-a0-1016-gfb0d676c02 to
                  | 0.30-a0-1050-g2766ea1e55
 45848 | Spider:1 | Offered knowledge of Yara's Violent Unravelling by Vehumet.
 45849 | Spider:1 | Reached skill level 7 in Ice Magic
 46060 | Spider:1 | Reached skill level 15 in Shields
 46938 | Spider:1 | Reached skill level 8 in Ice Magic
 46942 | Spider:1 | Noticed an emperor scorpion
 46946 | Spider:1 | Reached XP level 16. HP: 85/122 MP: 11/31
 48632 | Spider:2 | Upgraded the game from 0.30-a0-1050-g2766ea1e55 to
                  | 0.30-a0-1070-gd49b78fada
 48700 | Spider:1 | Reached skill level 9 in Ice Magic
 48749 | Spider:2 | Learned a level 7 spell: Ozocubu's Refrigeration
 48757 | Spider:2 | Learned a level 5 spell: Freezing Cloud
 49943 | Spider:3 | Reached skill level 10 in Ice Magic
 50143 | Spider:3 | Found a runed translucent door.
 50143 | Spider:3 | Noticed crabbyslav's ghost (adept DsGl)
 50153 | Spider:3 | Offered knowledge of Lee's Rapid Deconstruction by Vehumet.
 50427 | Spider:3 | Killed crabbyslav's ghost
 50657 | Spider:3 | Reached skill level 11 in Ice Magic
 51470 | Spider:4 | Entered Level 4 of the Spider Nest
 51487 | Spider:3 | Reached skill level 12 in Ice Magic
 52212 | Spider:4 | Offered knowledge of Starburst by Vehumet.
 52471 | Spider:4 | Reached skill level 13 in Ice Magic
 53237 | Spider:4 | Found a runed translucent gate.
 53237 | Spider:4 | Found a runed translucent gate.
 53237 | Spider:4 | Found a runed translucent gate.
 53242 | Spider:4 | Noticed Goaghut's ghost (adept KoBe)
 54657 | Spider:4 | Reached skill level 14 in Ice Magic
 55177 | Spider:4 | Reached XP level 17. HP: 128/128 MP: 14/32
 55298 | Spider:4 | Identified the +2 pair of gloves of Fuhaklan {rCorr Int+5
                  | SInv Stlth-}
 55466 | Spider:4 | Got a gossamer rune of Zot
 56016 | Spider:4 | Killed Goaghut's ghost
 56324 | Spider:4 | Identified the +1 cloak of Pride {rC- Str+8 Slay-3 SInv}
 56522 | Swamp:1  | Entered Level 1 of the Swamp
 56527 | Swamp:1  | Reached skill level 15 in Ice Magic
 56891 | Swamp:1  | Identified the +6 plate armour of Salvation {Str+5}
 58227 | Swamp:2  | Noticed Aizul
 58232 | Swamp:2  | Killed Aizul
 58814 | Swamp:2  | Noticed Roxanne
 58876 | Swamp:2  | Noticed Louise
 59044 | Swamp:2  | Killed Louise
 59158 | Swamp:2  | Reached ****** piety under Vehumet
 61023 | Swamp:4  | Entered Level 4 of the Swamp
 61610 | Swamp:4  | Reached skill level 16 in Ice Magic
 61760 | Swamp:4  | Offered knowledge of Lehudib's Crystal Spear by Vehumet.
 61760 | Swamp:4  | Offered knowledge of Fire Storm by Vehumet.
 61760 | Swamp:4  | Offered knowledge of Maxwell's Capacitive Coupling by
                  | Vehumet.
 62151 | Swamp:4  | Identified the +2 rapier "Vuphen" {heavy, rC- rCorr Str+4
                  | Int+4}
 62541 | Swamp:4  | Reached XP level 18. HP: 138/138 MP: 12/34
 63500 | Swamp:4  | Got a decaying rune of Zot
 64593 | Depths:1 | Entered Level 1 of the Depths
 65048 | Vaults:1 | Entered Level 1 of the Vaults
 65815 | Vaults:1 | Reached skill level 17 in Ice Magic
 66190 | Vaults:1 | Got the Volume of Angles and Concussion
 66744 | Vaults:1 | Found Joripropp's Antique Armour Shoppe.
 66752 | Vaults:1 | Bought a fabulously ornate robe for 262 gold pieces
 66752 | Vaults:1 | Identified the +1 robe "Xiemnic" {rPois} (You bought it in
                  | a shop on level 1 of the Vaults)
 66907 | Vaults:1 | Noticed Saint Roka
 66913 | Vaults:1 | Killed Saint Roka
 67974 | Vaults:1 | Bought a masterwork ring mail for 414 gold pieces
 67974 | Vaults:1 | Identified the +3 ring mail "Huhigg" {+Inv rC+ Will++
                  | Str+3} (You bought it in a shop on level 1 of the Vaults)
 68000 | Vaults:1 | Learned a level 9 spell: Polar Vortex
 68165 | Vaults:2 | Noticed Asterion
 68170 | Vaults:2 | Killed Asterion
 68461 | Vaults:2 | Reached skill level 18 in Ice Magic
 68811 | Vaults:2 | Reached XP level 19. HP: 146/146 MP: 5/37
 69255 | Vaults:2 | Reached skill level 15 in Spellcasting
 69789 | Vaults:2 | Found a staircase to the Crypt.
 71703 | Vaults:3 | Reached skill level 5 in Armour
 71909 | Vaults:3 | Reached XP level 20. HP: 143/156 MP: 27/39
 71980 | Vaults:3 | Identified the +3 arbalest of Kaelic {heavy, *Slow rF+ rN+
                  | Dex+2}
 72013 | Vaults:3 | Identified the +3 rapier of Riynk {freeze, rF+ MP+9 Int-4
                  | Dex+4}
 72393 | Vaults:3 | Found a transporter.
 72437 | Vaults:3 | Found a transporter.
 72732 | Vaults:3 | Identified the staff of conjuration "Gutadain" {Int+5
                  | Stlth+}
 72740 | Vaults:3 | Identified the ring "Foevonn" {rPois Dex+2}
 72762 | Vaults:3 | Identified the ring "Ceileff" {rPois rN+}
 72959 | Vaults:4 | Reached skill level 19 in Ice Magic
 73049 | Vaults:4 | Noticed Frederick
 73064 | Vaults:4 | Killed Frederick
 73719 | Vaults:4 | Noticed Mara
 73727 | Vaults:4 | Noticed GordonOverkill's illusion
 73740 | Vaults:4 | Killed Mara
 74558 | Vaults:5 | Entered Level 5 of the Vaults
 74874 | Vaults:5 | Identified the +1 robe of the Chupacabra {rElec rF+
                  | Archmagi}
 74877 | Vaults:5 | Reached skill level 20 in Ice Magic
 74905 | Vaults:5 | Noticed an ancient lich
 74908 | Vaults:5 | Noticed a golden dragon
 74911 | Vaults:5 | Reached skill level 15 in Fighting
 74912 | Vaults:5 | Killed an ancient lich
 74912 | Vaults:5 | Killed a golden dragon
 74913 | Vaults:5 | Reached XP level 21. HP: 118/168 MP: 40/40
 75041 | Vaults:5 | Noticed a golden dragon
 75051 | Vaults:5 | Killed a golden dragon
 75702 | Vaults:5 | Noticed a golden dragon
 75739 | Vaults:5 | Reached skill level 21 in Ice Magic
 75743 | Vaults:5 | Identified the +6 flail "Dayj Norr" {antimagic, rCorr
                  | Dex+2}
 75744 | Vaults:5 | Killed a golden dragon
 76145 | Vaults:5 | Identified the +8 quarterstaff of the Everdark {pain,
                  | Int+8}
 76170 | Vaults:5 | Noticed an ancient lich
 76182 | Vaults:5 | Killed an ancient lich
 76182 | Vaults:5 | Identified the +4 great mace "Vampire's Death" {heavy,
                  | rC+++ rN+ MP-9 Dex-2}
 76365 | Vaults:5 | Got Asmodeus's Omnibus of Energy
 77238 | Vaults:5 | Got a silver rune of Zot
 77594 | Vaults:5 | Reached skill level 22 in Ice Magic
 77608 | Vaults:5 | Noticed a golden dragon
 77617 | Vaults:5 | Killed a golden dragon
 77985 | Vaults:5 | Got the Tome of Inflammable Air
 78034 | Vaults:5 | Noticed a dread lich
 78047 | Vaults:5 | Killed a dread lich
 78048 | Vaults:5 | Reached skill level 1 in Staves
 78668 | Depths:1 | Noticed an ancient lich
 78723 | Depths:1 | Found a runed translucent door.
 78749 | Depths:1 | Noticed Sai's ghost (adept MiFi)
 78749 | Depths:1 | Identified the staff of earth "Dih Moud" {Dex+5}
 78750 | Depths:1 | Noticed a juggernaut
 78751 | Depths:1 | Found a runed translucent door.
 78847 | Depths:1 | Identified the +3 leather armour "Faiss" {Rampage +Inv rC+}
 78848 | Depths:1 | Found a one-way gate to the infinite horrors of the Abyss.
 79181 | Depths:1 | Found a gateway to Hell.
 79316 | Depths:1 | Found a one-way gate leading to the halls of Pandemonium.
 79448 | Depths:1 | Learned a level 8 spell: Maxwell's Capacitive Coupling
 79751 | Depths:2 | Reached XP level 22. HP: 163/175 MP: 41/41
 79762 | Depths:2 | Reached skill level 5 in Staves
 80157 | Depths:2 | Noticed a caustic shrike
 80158 | Depths:2 | Noticed a caustic shrike
 80380 | Depths:2 | Killed a caustic shrike
 80548 | Depths:2 | Killed a caustic shrike
 80974 | Depths:1 | Identified the +6 quarterstaff of the Incandescent {heavy,
                  | rN+ Int+2 Dex+3 Stlth+}
 81325 | Depths:2 | Learned a level 2 spell: Blink
 82217 | Depths:3 | Found a broken altar of Ashenzari.
 82935 | Depths:3 | Learned a level 7 spell: Spellforged Servitor
 83039 | Depths:3 | Reached skill level 1 in Summonings
 83468 | Depths:3 | Identified the +0 leather armour of the Dice {rPois Int+3}
 83527 | Depths:3 | Noticed a juggernaut
 83537 | Depths:3 | Killed a juggernaut
 83636 | Depths:3 | Identified the staff of poison "Ciget" {rPois rF+ rC+
                  | Stlth-}
 83699 | Depths:4 | Entered Level 4 of the Depths
 83700 | Depths:4 | Noticed a juggernaut
 83705 | Depths:4 | Killed a juggernaut
 83708 | Depths:4 | Reached skill level 15 in Air Magic
 83777 | Depths:4 | Found Ysemaoc's General Store.
 83779 | Depths:4 | Found Emiogray's Magic Scroll Shoppe.
 83779 | Depths:4 | Found Avvik's General Store.
 83784 | Depths:4 | Found Fyavuetixt's General Store.
 83787 | Depths:4 | Bought a scroll of teleportation for 54 gold pieces
 83787 | Depths:4 | Bought a scroll of magic mapping for 135 gold pieces
 83787 | Depths:4 | Bought a scroll of teleportation for 54 gold pieces
 83787 | Depths:4 | Bought a scroll of teleportation for 54 gold pieces
 83787 | Depths:4 | Bought a scroll of fog for 72 gold pieces
 83790 | Depths:4 | Bought a potion of mutation for 136 gold pieces
 83796 | Depths:4 | Bought a scroll of blinking for 112 gold pieces
 83796 | Depths:4 | Bought a potion of curing for 45 gold pieces
 83796 | Depths:4 | Bought a wand of paralysis (6) for 216 gold pieces
 83796 | Depths:4 | Bought a scroll of teleportation for 45 gold pieces
 83796 | Depths:4 | Bought 2 potions of curing for 90 gold pieces
 83801 | Depths:4 | Noticed Margery
 83807 | Depths:4 | Killed Margery
 83944 | Depths:4 | Found a gate to the Realm of Zot.
 83944 | Depths:4 | Noticed a golden dragon
 83960 | Depths:4 | Killed a golden dragon
 84354 | Depths:4 | Found a one-way gateway to a ziggurat.
 84444 | Depths:4 | Reached skill level 5 in Summonings
 84471 | Depths:4 | Reached XP level 23. HP: 160/181 MP: 42/42
 85056 | Elf:1    | Entered Level 1 of the Elven Halls
 85074 | Elf:1    | Found a radiant altar of Vehumet.
 85361 | Elf:1    | Found Onkac's Jewellery Shop.
 85415 | Elf:1    | Bought a ring of the Octopus King {HP+2 MP+9 AC+2 EV+2
                  | SH+2} for 620 gold pieces
 85415 | Elf:1    | Found the ring of the Octopus King {HP+2 MP+9 AC+2 EV+2
                  | SH+2}
 85992 | Elf:1    | You are sucked into a shaft and drop 1 floor!
 86202 | Elf:2    | Found a runed translucent gate.
 86202 | Elf:2    | Found a runed translucent gate.
 86202 | Elf:2    | Found a runed translucent gate.
 86491 | Elf:2    | Found Kaneagis's Jewellery Boutique.
 86542 | Elf:2    | Found Pytacwu's Book Shop.
 86601 | Elf:2    | Identified the +10 broad axe of the Grave {venom, Will+
                  | Int+5}
 86721 | Elf:2    | Found Maypp's Jewellery Shoppe.
 86731 | Elf:2    | Found Bupt's General Store.
 86803 | Elf:2    | Bought a scroll of enchant armour for 150 gold pieces
 86803 | Elf:2    | Bought a scroll of acquirement for 1040 gold pieces
 86809 | Elf:2    | Acquired the +6 Majin-Bo {spellvamp, MP+6 Int+6}
 86809 | Elf:2    | Found the +6 Majin-Bo {spellvamp, MP+6 Int+6}
 86969 | Elf:2    | Found a runed translucent door.
 86969 | Elf:2    | Noticed Cicier's ghost (adept GrEE)
 87119 | Elf:2    | Killed Cicier's ghost
 87290 | Elf:3    | Entered Level 3 of the Elven Halls
 87584 | Elf:3    | Paralysed by an air elemental for 1 turns
 87666 | Elf:3    | Found a runed translucent door.
 87666 | Elf:3    | Noticed MoltyBleed's ghost (adept DEFE)
 87683 | Elf:3    | Killed MoltyBleed's ghost
 87753 | Elf:3    | Reached skill level 1 in Axes
 87763 | Elf:3    | Reached skill level 10 in Summonings
 88152 | Elf:3    | Paralysed by an air elemental for 1 turns
 88525 | Elf:3    | Identified the +3 dagger of Syaxzer {flame, Dex+3}
 88562 | Elf:3    | Identified the +6 ring mail of Imperfection {rF+ Will-
                  | Str+7}
 88592 | Elf:3    | Identified the +3 ring mail of the Serpent {rC++ Str+3
                  | Dex-5}
 88613 | Elf:3    | Identified the ring "Ukhlurur" {rElec rC+}
 88704 | Elf:3    | Identified the +0 leather armour "Sewin" {rPois rF- Dex+4}
 88735 | Elf:3    | Identified the +2 robe "Kerphudi" {rN+ Str+3}
 88742 | Elf:3    | Got the Exposition on Luminous Ensorcelling
 88760 | Elf:3    | Got the Reference Book on the Molten Comitatus
 88762 | Elf:3    | Identified the +7 longbow of Ofedwunwa {drain, rF++ rC- rN+
                  | Dex+3}
 88764 | Elf:3    | Identified the staff of cold "Vewkuocu" {rElec rC+ Str+5
                  | Dex-3 Stlth+}
 88771 | Elf:3    | Identified the staff of fire "Liech" {rElec rF+ rC+ Dex+2}
 88827 | Elf:3    | Identified the staff of air "Sietauna" {rElec rN+ Will-
                  | Dex+3 Stlth+}
 89178 | Zot:1    | Entered Level 1 of the Realm of Zot
 89183 | Zot:1    | Reached skill level 10 in Conjurations
 89183 | Zot:1    | Reached XP level 24. HP: 188/188 MP: 29/42
 89563 | Zot:1    | Reached skill level 5 in Axes
 90403 | Zot:2    | Learned a level 7 spell: Orb of Destruction
 90424 | Zot:2    | Reached skill level 23 in Ice Magic
 92196 | Zot:3    | You are sucked into a shaft and drop 1 floor!
 92826 | Zot:3    | Reached skill level 10 in Evocations
 94019 | Zot:5    | Entered Level 5 of the Realm of Zot
 94696 | Zot:5    | Reached skill level 24 in Ice Magic
 94922 | Zot:5    | Noticed an ancient lich
 94940 | Zot:5    | Killed an ancient lich
 94941 | Zot:5    | Reached XP level 25. HP: 192/194 MP: 43/43
 94946 | Zot:5    | Noticed a Killer Klown
 94946 | Zot:5    | Noticed an orb of fire
 95066 | Zot:5    | Killed a Killer Klown
 95223 | Zot:5    | Noticed a Killer Klown
 95229 | Zot:5    | Killed a Killer Klown
 95291 | Zot:5    | Killed an orb of fire
 95329 | Zot:5    | Noticed an ancient lich
 95337 | Zot:5    | Killed an ancient lich
 95738 | Zot:5    | Noticed a Killer Klown
 95748 | Zot:5    | Killed a Killer Klown
 96309 | Zot:5    | Noticed a Killer Klown
 96316 | Zot:5    | Noticed an orb of fire
 96330 | Zot:5    | Killed a Killer Klown
 96332 | Zot:5    | Killed an orb of fire
 96487 | Zot:5    | Noticed a Killer Klown
 96492 | Zot:5    | Killed a Killer Klown
 96518 | Zot:5    | Noticed a dread lich
 96532 | Zot:5    | Killed a dread lich
 96592 | Zot:5    | Noticed an orb of fire
 96595 | Zot:5    | Gained mutation: You are occasionally teleported next to
                  | monsters. [an orb of fire]
 96603 | Zot:5    | Gained mutation: You are resistant to electric shocks.
                  | (rElec) [an orb of fire]
 96610 | Zot:5    | Gained mutation: Your body sometimes deteriorates upon
                  | taking damage. [an orb of fire]
 96616 | Zot:5    | Killed an orb of fire
 96621 | Zot:5    | Lost mutation: Your body sometimes deteriorates upon taking
                  | damage. [potion of mutation]
 96621 | Zot:5    | Lost mutation: You are occasionally teleported next to
                  | monsters. [potion of mutation]
 96621 | Zot:5    | Gained mutation: Your muscles are strong. (Str +4, Int/Dex
                  | -1) [potion of mutation]
 96621 | Zot:5    | Gained mutation: You have a pair of small horns on your
                  | head. [potion of mutation]
 96752 | Zot:5    | Noticed a Killer Klown
 96753 | Zot:5    | Noticed a Killer Klown
 96757 | Zot:5    | Killed a Killer Klown
 96758 | Zot:5    | Reached skill level 25 in Ice Magic
 96787 | Zot:5    | Killed a Killer Klown
 97284 | Zot:5    | Noticed a Killer Klown
 97294 | Zot:5    | Killed a Killer Klown
 97364 | Zot:5    | Noticed a Killer Klown
 97368 | Zot:5    | Killed a Killer Klown
 97507 | Zot:5    | Noticed an ancient lich
 97532 | Zot:5    | Killed an ancient lich
 97645 | Zot:5    | Got the Orb of Zot
 97865 | D:11     | Noticed Xopleem the pandemonium lord
 97873 | D:11     | Killed Xopleem the pandemonium lord
 98049 | D:4      | Gained mutation: You occasionally shout uncontrollably at
                  | your foes. [a cacodemon]
 98151 | D:$      | Escaped with the Orb!

Illustrated notes

Levels and vault maps discovered:
D:1:      roderic_octagonal_star, layout_loops_corners
D:2:      layout_loops_cross, dreamdust_ecumenical_altar_grove,
          minmay_pentomino_u2, uniq_sigmund, uniq_crazy_yiuf_cottage
D:3:      layout_rooms, glass_columns_b, minmay_snake_closets, uniq_ijyb,
          uniq_grinder
D:4:      layout_rooms, serial_shops, shop_coins
D:5:      layout_cave_pods, serial_shops, nicolae_lakefront_shop, serial_bayou,
          serial_bayou_pond_a, serial_bayou_pond_a, serial_bayou_pond_e,
          serial_bayou_lagoon_a, uniq_menkaure
D:6:      layout_basic, enter_ossuary_3, uniq_eustachio
D:7:      layout_gridville, minmay_temple_entry_enclosed_plants
D:8:      layout_basic, dpeg_oklobed_lair
D:9:      layout_roguey, nicolae_transmutations_shop, kennysheep_crisscross
D:10:     layout_stronghold, gammafunk_temple_overflow_pools,
          gammafunk_temple_overflow_elements, enter_bailey_3, minivault_20
D:11:     layout_basic, elyvilon_altar_3
D:12:     layout_basic, david_orc_4, uniq_fannar
D:13:     layout_rooms, lightli_vaults_fourway_checkpoint, enter_trove_5,
          gammafunk_ghost_hydra_chop, yredelemnul_forgotten_temple_becter
D:14:     layout_loops_ring, glass_columns_a
D:15:     grunt_enter_depths_snipers, layout_loops_ring,
          gammafunk_ghost_abyssal_escape, minmay_misc_feat_tiny
Temple:   eino_narrow_crystal_temple
Lair:1:   beast_lair_carwin_large_4, layout_regular_city, nzn_ghost_randoct,
          basic_altar
Lair:2:   layout_regular_city, minmay_swamp_entry_eels,
          nicolae_spider_entry_lesser_pyramids, basic_altar, serial_forest,
          infiniplex_forest_clump_medium, infiniplex_forest_lined_room_2,
          infiniplex_forest_lined_2, infiniplex_forest_side_room,
          infiniplex_forest_straight_4, infiniplex_forest_straight_2,
          infiniplex_forest_3_way, grunt_megastairs_4, lemuel_fruit_fields,
          lemuel_fruit_tree, uniq_amaemon
Lair:3:   layout_cave_pods, basic_altar, chequers_serial_rivers_room_b,
          nicolae_quartered_pool_super, grunt_forest_small_clearings,
          minmay_lair_oklob_items
Lair:4:   layout_regular_city, serial_bayou_shore_b, grunt_megastairs_3,
          infiniplex_staircase_pool_2
Lair:5:   grunt_lair_end_beastmaster, layout_small_grid,
          minmay_slime_entry_oklob_enclosed, st_stairs_10, minivault_24,
          uniq_urug
Swamp:1:  layout_basic_swamp, evilmike_swamp_ruin_house_2,
          infiniplex_staircase_pool
Swamp:2:  layout_basic_swamp, evilmike_swamp_ruin_house_3, swamp_pool5,
          grunt_lady_of_the_lake, uniq_aizul, uniq_roxanne, uniq_louise
Swamp:3:  layout_basic_swamp, nicolae_swamp_ascending_descending, swamp_pool2,
          nicolae_swamp_drake_lake
Swamp:4:  nzn_swamp_witches_coven, layout_basic_swamp
Spider:1: layout_spider_delve, drop_trap, nicolae_spider_claw_tunnel
Spider:2: layout_spider_delve
Spider:3: layout_spider_delve, gammafunk_ghost_grave, hangedman_spider_mandibles
Spider:4: spider_rune_water, gammafunk_ghost_necromancy
Orc:1:    layout_diamond_mine, serial_shops, nicolae_shop_crystal,
          nicolae_shop_statue_plus, nicolae_shop_crystal, basic_altar,
          nicolae_volcano_entry_batcave
Orc:2:    st_orc_rangers, layout_caves, gammafunk_ghost_wrathful_warriors,
          serial_shops, nicolae_square_shop
Elf:1:    eino_elf_arrival_altar, layout_geoelf_diagonals, serial_shops, shop,
          nicolae_shop_statue_plus, minmay_elf_crystal_heptagon, st_stairs_11,
          fountainhead
Elf:2:    elven_hall_of_blades_hangedman_original [grunt_blade_entry_basic],
          layout_gridlike, serial_shops, shop, shop, nicolae_lakefront_shop,
          shop, gammafunk_ghost_grave
Elf:3:    elf_hall_gauntlet_wide, layout_onion_city, gammafunk_ghost_grave
Vaults:1: nicolae_vaults_twisting_passages, st_cross, v_alt_pattern_1,
          vaults_room_ringed_pool, nicolae_vaults_little_squares_3, v_misc_12,
          nicolae_vaults_diagonal_hallway_8, grunt_vaults_diagonal,
          ontoclasm_vaults_twist, vaults_dpeg_hooks, layout_vaults_omnicross,
          serial_shops, nicolae_shop_trees, uniq_saint_roka
Vaults:2: v_misc_1, v_rooms_5, st_star, grunt_vaults_twisty,
          hangedman_vaults_slice, ontoclasm_vaults_ring_small, v_misc_14,
          vaults_mumra_hex, ontoclasm_vaults_chip, layout_vaults_chaotic_city,
          uniq_asterion
Vaults:3: hangedman_vaults_stagger, nicolae_vaults_border_crossing,
          nicolae_vaults_arrows, ontoclasm_vaults_ring_square,
          hangedman_vaults_restitches, vaults_room_fours,
          nicolae_vaults_yaktaur_gun_rack, gammafunk_its_a_trap,
          vaults_room_grid, nicolae_vaults_little_squares_2, v_misc_13,
          v_alt_pattern_4, vaults_dpeg_encased_lava, layout_vaults_maze,
          serial_shops
Vaults:4: hangedman_vaults_hat, hangedman_vaults_unwind,
          hangedman_vaults_capsules, vaults_room_octagon, grunt_vaults_funnel,
          vaults_dpeg_diagonal, vaults_room_grunt_arrival_ludios,
          nicolae_vaults_windows_and_doors_thing, vaults_dpeg_ring,
          sword_in_stone, nicolae_vaults_little_squares_4,
          nicolae_vaults_rhombus_6, layout_vaults_ring, uniq_mara
Vaults:5: serial_shops
Depths:1: layout_cave_pools, abyss_entry, muffindrake_ghost_dual_entry,
          rand_demon_pan_entry_4, kennysheep_another_room, hell_entry,
          minmay_misc_feat_ornament, grunt_decor_junction,
          kennysheep_generic_room_13, firewood_loft
Depths:2: cheibrodos_leafed_vault, layout_cave_pools, minmay_misc_feat_plants,
          serial_co_window_serial, co_window_paths_b, co_window_cross_1,
          co_window_paths_a, co_window_corner_a, co_window_paths_a,
          co_window_cross_3, co_window_unsneaky_path_e,
          co_window_unsneaky_path_c, co_window_of_opportunity_b,
          co_window_of_opportunity_b, co_window_unsneaky_path_a,
          glass_columns_c, glass_columns_a, glass_columns_c, hell_entry,
          pan_entry, grunt_ministairs_5
Depths:3: kennysheep_four_of_diamonds, layout_basic, abyss_entry,
          bh_walls_and_bars, hell_entry, cheibrodos_ashenzari_chains,
          infiniplex_staircase_trident
Depths:4: grunt_crosshair, layout_gridlike, enter_ziggurat_d, grunt_metal_band,
          rand_demon_pan_entry_8, minmay_shoptagon
Zot:1:    layout_misc_corridors
Zot:2:    layout_gridville, st_small_dragon_hoard_1
Zot:3:    layout_gridlike
Zot:4:    layout_gridlike
Zot:5:    layout_misc_corridors

Skill      XL: |  1  2  3  4  5  6  7  8  9 10 11 12 13 14 15 16 17 18 19 20 21 22 23 24 25 |
---------------+----------------------------------------------------------------------------+-----
Conjurations   | 1 2 3 5 6 10 | 10.0
Fighting       | 1 2 3 4 5 6 7 8 10 11 12 13 15 | 15.0
Air Magic      | 4 5 6 7 9 10 11 15 | 15.0
Spellcasting   | 3 4 5 6 7 8 10 11 12 14 15 16 20 | 20.0
Evocations     | 2 3 5 7 8 10 | 10.0
Dodging        | 3 |  3.0
Short Blades   | 4 |  4.0
Shields        | 5 10 11 12 13 15 16 | 16.0
Armour         | 2 5 7 |  7.0
Poison Magic   | 2 |  2.0
Fire Magic     | 1 5 |  5.0
Ice Magic      | 8 14 16 18 20 22 24 25 | 25.0
Staves         | 4 6 7 |  7.0
Summonings     | 5 10 | 10.0
Axes           | 4 5 |  5.0
Stealth        | |  3.0

Action                     |  1- 3 |  4- 6 |  7- 9 | 10-12 | 13-15 | 16-18 | 19-21 | 22-24 | 25-27 || total
---------------------------+-------+-------+-------+-------+-------+-------+-------+-------+-------++-------
  Melee: Staff             |     5 |     1 |    26 |       |       |    38 |    76 |    84 |       ||   230
         Rapier            |       |     9 |       |       |       |       |       |       |       ||     9
         Bite              |       |     2 |     5 |    43 |    41 |    23 |    19 |    46 |     7 ||   186
         Punch             |       |     1 |       |       |       |       |       |       |       ||     1
         Short sword       |       |       |     6 |   182 |   242 |   160 |       |       |       ||   590
         Broad axe         |       |       |       |       |       |       |       |   111 |    53 ||   164
         Headbutt          |       |       |       |       |       |       |       |       |     5 ||     5
   Cast: Shock             |    78 |    76 |   144 |    28 |       |       |       |       |       ||   326
         Static Discharge  |       |    18 |    88 |    31 |    18 |       |       |       |       ||   155
         Airstrike         |       |       |    32 |   362 |   730 |    84 |     7 |       |       ||  1215
         Mephitic Cloud    |       |       |       |       |    32 |     2 |       |       |       ||    34
         Swiftness         |       |       |       |       |     1 |       |       |       |       ||     1
         Conjure Ball Ligh |       |       |       |       |    51 |    26 |       |       |       ||    77
         Plasma Beam       |       |       |       |       |    38 |    40 |    17 |       |       ||    95
         Ozocubu's Refrige |       |       |       |       |       |   484 |   368 |   240 |    90 ||  1182
         Freezing Cloud    |       |       |       |       |       |    68 |     3 |       |       ||    71
         Polar Vortex      |       |       |       |       |       |       |    59 |   164 |    38 ||   261
         Maxwell's Capacit |       |       |       |       |       |       |       |     2 |       ||     2
         Orb of Destructio |       |       |       |       |       |       |       |     1 |    14 ||    15
  Evoke: Wand              |       |       |    17 |    13 |    43 |    32 |    19 |       |       ||   124
         Lightning rod     |       |       |       |       |    10 |    29 |    16 |     2 |       ||    57
         Condenser vane    |       |       |       |       |     2 |     5 |     4 |     1 |       ||    12
         Box of beasts     |       |       |       |       |       |     2 |     2 |     2 |       ||     6
         Phantom mirror    |       |       |       |       |       |       |       |     1 |       ||     1
    Use: Scroll            |       |    11 |     8 |    13 |    10 |    11 |     4 |    15 |     1 ||    73
         Potion            |       |     4 |     1 |       |       |     2 |     6 |     2 |     1 ||    16
   Stab: Sleeping          |       |       |     1 |       |       |       |       |       |       ||     1
         Confused          |       |       |       |       |    13 |     1 |       |       |       ||    14
         Paralysed         |       |       |       |       |     3 |       |       |       |       ||     3
         Distracted        |       |       |       |       |       |     2 |     2 |       |       ||     4
 Armour: Robe              |     7 |     3 |       |       |       |       |    14 |   185 |    26 ||   235
         Leather armour    |       |     5 |    75 |    84 |   176 |   153 |       |       |       ||   493
         Skin              |       |     2 |       |       |       |       |       |       |       ||     2
         Ring mail         |       |       |       |       |       |     2 |    83 |       |       ||    85
  Dodge: Dodged            |    39 |    22 |   124 |    89 |   208 |   126 |    99 |   196 |    41 ||   944
  Block: Kite shield       |       |       |       |   211 |   545 |   373 |   256 |   431 |    79 ||  1895

Table legend: (Time is in decaauts)
 A = Elapsed time spent in this place.
 B = Non-inter-level travel time spent in this place.
 C = Inter-level travel time spent in this place.
 D = Time resting spent in this place.
 E = Time spent auto-exploring this place.
 F = Levels seen in this place.
 G = Mean time per level.
                   A        B        C        D        E       F      G
               +--------+--------+--------+--------+--------+-----+--------+
         Total |  98435 |  92820 |   5615 |  41749 |  30826 |  51 | 1930.1 |
       Dungeon |  25193 |  22163 |   3030 |   9798 |   6191 |  15 | 1679.5 |
        Temple |    251 |    237 |     14 |      0 |    190 |   1 |  251.0 |
          Lair |  14348 |  13838 |    510 |   4679 |   7467 |   5 | 2869.6 |
         Swamp |   7388 |   7222 |    166 |   4625 |   1728 |   4 | 1847.0 |
   Spider Nest |  11812 |  11365 |    447 |   6375 |   2720 |   4 | 2953.0 |
  Orcish Mines |   3047 |   2923 |    124 |   1471 |    971 |   2 | 1523.5 |
   Elven Halls |   3916 |   3787 |    129 |    741 |   2105 |   3 | 1305.3 |
        Vaults |  13413 |  12909 |    504 |   5731 |   4466 |   5 | 2682.6 |
        Depths |   6680 |   6241 |    439 |   1812 |   3112 |   4 | 1670.0 |
           Zot |   8530 |   8283 |    247 |   3926 |   1605 |   5 | 1706.0 |
       Ossuary |    761 |    761 |      0 |    595 |      0 |   1 |  761.0 |
        Bailey |   2333 |   2333 |      0 |   1467 |    271 |   1 | 2333.0 |
       Volcano |    757 |    757 |      0 |    529 |      0 |   1 |  757.0 |
               +--------+--------+--------+--------+--------+-----+--------+

Top non-repeatable levels by time:
Spider:4: 4714 daAuts
Spider:1: 4183 daAuts
  Lair:5: 3951 daAuts
  Lair:4: 3707 daAuts
Vaults:1: 3052 daAuts
  Lair:3: 2940 daAuts
Vaults:2: 2924 daAuts
 Swamp:4: 2857 daAuts
   Zot:5: 2836 daAuts
Vaults:4: 2835 daAuts
Vaults:5: 2675 daAuts
    D:12: 2440 daAuts
Depths:3: 2420 daAuts
  Bailey: 2333 daAuts
    D:13: 2176 daAuts
